 Dungeon Crawl Stone Soup version 0.30.0-29-ga12c61a403 (webtiles) character file.

Game seed: 9334786488032241212

263 qw the Chopper (level 6, -4/39 HPs)
             Began as a Gargoyle Fighter on June 4, 2023.
             Slain by Edmund
             ... wielding a +3 flail of protection
              (7 damage)
             ... on level 4 of the Dungeon.
             The game lasted 00:01:25 (2905 turns).

qw the Chopper (Gargoyle Fighter)                   Turns: 2905, Time: 00:01:26

Health: -4/39      AC: 11    Str: 21    XL:     6   Next: 19%
Magic:  6/6        EV:  9    Int:  9    God:
Gold:   131        SH:  4    Dex:  9    Spells: 5/5 levels left

rFire   . . .        Y - +0 war axe
rCold   . . .        c - +0 buckler
rNeg    + . .        b - +0 scale mail
rPois   inf          (no helmet)
rElec   +            (no cloak)
rCorr   .            (no gloves)
SInv    +            (no boots)
Will    .....        (no amulet) Stlth
                     k - ring of see invisible
HPRegen 0.26/turn    (no ring)
MPRegen 0.10/turn

%: no passive effects
@: about to teleport
A: sickness immunity, AC +4, negative energy resistance 1, electricity
resistance, torment resistance 1, petrification resistance
a: no special abilities


You were on level 4 of the Dungeon.
You visited 1 branch of the dungeon, and saw 4 of its levels.

You collected 131 gold pieces.


Innate Abilities, Weirdness & Mutations

You are immune to sickness and miasma.
Your stone body is resilient. (AC +4)
You are immune to poison.
You resist negative energy. (rN+)
You are resistant to electric shocks. (rElec)
You are resistant to unholy torment.
You are immune to petrification.


   Skills:
 - Level 4.3 Fighting
 - Level 5.2 Axes
 - Level 3.2 Armour
 + Level 0.2 Dodging
 - Level 3.2 Shields


You had 5 spell levels left.
You didn't know any spells.
Your spell library was empty.

Inventory:

Hand Weapons
 g - a +0 morningstar
 Y - a +0 war axe (weapon)
Armour
 b - a +0 scale mail (worn)
 c - a +0 buckler (worn)
Jewellery
 k - a ring of see invisible (left hand)
Scrolls
 a - a scroll of identify
 i - 2 scrolls of enchant weapon {unknown}
Potions
 d - 2 potions of might
 e - 2 potions of curing
 h - a potion of flight {unknown}
 j - a potion of magic {unknown}

Dungeon Overview and Level Annotations

Branches:
Dungeon (4/15)
 Temple: D:4-7

Altars:
Nemelex Xobeh
Okawaru
The Shining One

Shops:
D:2 *   D:3 (

Annotations:
D:4 Edmund


Message History

You start resting.
HP restored.
Edmund the Younger comes into view.
He is wielding a +3 flail of protection.
Enter note:
Enter note:
Enter note: You barely miss Edmund.
You block Edmund's attack.
You closely miss Edmund. Edmund hits you but does no damage.
You barely miss Edmund.
Edmund hits you with a +3 flail of protection.
Edmund says, "I'm quite good with sums, too."
Edmund hits you with a +3 flail of protection.
You hit Edmund but do no damage.
Edmund hits you with a +3 flail of protection.
You barely miss Edmund. Edmund hits you but does no damage.
You hit Edmund but do no damage. You block Edmund's attack.
Edmund hits you but does no damage.
You barely miss Edmund.
Edmund hits you with a +3 flail of protection.
You barely miss Edmund.
Edmund hits you with a +3 flail of protection.
You barely miss Edmund.
Edmund hits you with a +3 flail of protection.
Edmund says, "What use are spells, anyway?"
Edmund closely misses you.
You hit Edmund.
Edmund is lightly wounded.
Edmund says, "People will remember me!
They'll remember me and die!"
Edmund hits you with a +3 flail of protection.
You closely miss Edmund.
Edmund is lightly wounded.
Edmund hits you with a +3 flail of protection!
2905 ||| READING scroll of teleportation.
As you read the scroll of teleportation, it crumbles to dust.
You feel strangely unstable.
Edmund hits you with a +3 flail of protection!
You die...

###############
#..............
########..####.######.
..........# #.#
#########.# #.# #.#
#.# #.# #.# #.# #.#
### #@# #.#########..
......@.#
#..........#.
#########
#########.##.
#.....##. ########. #.
#. #. #.


You could see Edmund.

Vanquished Creatures
  Blork the orc (D:4)
  A jelly (D:4)
  A hound (D:4)
  Terence (D:2)
  An orc wizard (D:3)
  3 adders
  A worm (D:2)
  3 orcs (D:3)
  9 ball pythons
  7 endoplasms
  A giant cockroach (D:4)
  4 goblins
  6 hobgoblins
  4 kobolds
  A quokka (D:1)
  4 bats (D:3)
  4 frilled lizards
  5 rats
57 creatures vanquished.

Notes
Turn   | Place    | Note
-------+----------+-------------------------------------------
     0 | D:1      | qw the Gargoyle Fighter began the quest for the Orb.
     0 | D:1      | Reached XP level 1. HP: 14/14 MP: 1/1
     0 | D:1      | 0 ||| qw: Version: 0.2-a-107-g4668610
     0 | D:1      | 0 ||| qw: Game counter: 1264
     0 | D:1      | 0 ||| qw: Always use a shield: true
     0 | D:1      | 0 ||| qw: God list: Okawaru
     0 | D:1      | 0 ||| qw: Allow faded altars: false
     0 | D:1      | 0 ||| qw: Do Orc after D:15 true
     0 | D:1      | 0 ||| qw: Do second Lair branch before Depths: true
     0 | D:1      | 0 ||| qw: Lair rune preference: random
     0 | D:1      | 0 ||| qw: Plans: Normal, Zot:1-4, Slime:5, God:TSO, Crypt,
                  | Tomb, Abyss, Pan, Hells, Win
     0 | D:1      | 0 ||| PLANNING D:1-11
   124 | D:1      | Reached skill level 2 in Axes
   485 | D:1      | Reached XP level 2. HP: 19/19 MP: 2/2
   580 | D:1      | 580 ||| READING scroll labelled NIRELAASHRO.
   723 | D:2      | Reached skill level 3 in Axes
   727 | D:2      | Reached XP level 3. HP: 16/23 MP: 3/3
   792 | D:2      | Found Yrghu's General Store.
   804 | D:2      | 804 ||| SHOPLISTING +0 morningstar "Pieludy" {spect, Will+
                  | Int+4} (372 gold, have 60).
   804 | D:2      | 804 ||| SHOPLISTING scroll of enchant armour (90 gold, have
                  | 60).
   804 | D:2      | 804 ||| SHOPLISTING scroll of enchant weapon (90 gold, have
                  | 60).
   850 | D:2      | 850 ||| Stepping ~*~*~tactically~*~*~ (stealth).
   851 | D:2      | 851 ||| Stepping ~*~*~tactically~*~*~ (stealth).
   857 | D:2      | Found a faded altar of an unknown god.
   877 | D:2      | 877 ||| DROPPING +0 whip.
  1048 | D:2      | Noticed Terence
  1066 | D:2      | Killed Terence
  1105 | D:2      | 1105 ||| DROPPING +0 flail.
  1457 | D:2      | 1457 ||| READING 3 scrolls labelled FILLECA HEME.
  1458 | D:2      | 1458 ||| DRINKING 2 golden potions.
  1459 | D:2      | 1459 ||| READING 2 scrolls of identify.
  1459 | D:2      | 1459 ||| IDENTIFYING bubbling golden potion
  1460 | D:2      | 1460 ||| DROPPING potion of brilliance.
  1496 | D:3      | Reached XP level 4. HP: 28/28 MP: 4/4
  1525 | D:3      | Found Oxzeemyale's Weapon Emporium.
  1556 | D:3      | Found an iron altar of Okawaru.
  1557 | D:3      | 1557 ||| PLANNING OKAWARU WORSHIP
  1584 | D:3      | Found a glowing golden altar of the Shining One.
  1584 | D:3      | Found a sparkling altar of Nemelex Xobeh.
  1621 | D:3      | 1621 ||| Stepping ~*~*~tactically~*~*~ (stealth).
  1623 | D:3      | 1623 ||| Stepping ~*~*~tactically~*~*~ (stealth).
  1644 | D:3      | Reached skill level 4 in Axes
  1762 | D:3      | 1762 ||| Stepping ~*~*~tactically~*~*~ (stealth).
  2281 | D:3      | 2281 ||| UPGRADING to ring of see invisible.
  2282 | D:3      | 2282 ||| READING scroll labelled GOMUITH UPNAO.
  2293 | D:3      | 2293 ||| READING scroll labelled LANASH QOPAYST.
  2294 | D:3      | 2294 ||| PLANNING D:1-11
  2359 | D:3      | 2359 ||| PLANNING OKAWARU WORSHIP
  2359 | D:3      | 2359 ||| PLANNING D:1-11
  2415 | D:4      | Reached XP level 5. HP: 13/32 MP: 5/5
  2572 | D:4      | Noticed Blork the orc
  2574 | D:4      | Reached skill level 5 in Axes
  2587 | D:4      | Killed Blork the orc
  2588 | D:4      | Reached XP level 6. HP: 18/39 MP: 6/6
  2888 | D:4      | Noticed Edmund
  2904 | D:4      | HP: 3/39 [Edmund/+3 flail of protection (8)]
  2905 | D:4      | 2905 ||| READING scroll of teleportation.
  2905 | D:4      | Slain by Edmund

Levels and vault maps discovered:
D:1:      pf_arrival_petrified_forest, layout_loops_ring
D:2:      layout_basic, basic_ecumenical_altar, serial_shops, shop, uniq_terence
D:3:      layout_basic, gammafunk_temple_overflow_pools, general_overflow_altar,
          serial_shops, nicolae_shop_real_fake_doors
D:4:      layout_loops_ring, beargit_hepliaklqana_dungeon_heroes,
          grunt_ministairs_4, minmay_misc_feat_iff, nicolae_zen_rock_garden,
          uniq_edmund, uniq_blork_the_orc

Skill      XL: |  1  2  3  4  5 |
---------------+----------------+-----
Axes           | 2 3 4 5 |  5.2
Fighting       | 4 |  4.3
Armour         | |  3.2
Dodging        | |  0.2
Shields        | |  3.2

Action                     |  1- 3 |  4- 6 || total
---------------------------+-------+-------++-------
  Melee: War axe           |    63 |   125 ||   188
    Use: Scroll            |     3 |     3 ||     6
         Potion            |     1 |       ||     1
 Armour: Scale mail        |    23 |    55 ||    78
  Dodge: Dodged            |    24 |    56 ||    80
  Block: Buckler           |     7 |    26 ||    33

Table legend:
 A = Non-vault XP
 B = Vault XP
 C = Vault XP percentage of total XP
 D = Non-vault monster count
 E = Vault monster count
 F = Vault count percentage of total count
                 A         B        C        D         E       F
            +---------+---------+-------+---------+---------+-------
      Total |     238 |     139 |  36.9 |      53 |       4 |   7.0
            +---------+---------+-------+---------+---------+-------
        D:1 |      13 |       0 |   0.0 |       8 |       0 |   0.0
        D:2 |      30 |      36 |  54.5 |      11 |       1 |   8.3
        D:3 |      80 |       0 |   0.0 |      20 |       0 |   0.0
        D:4 |     115 |     103 |  47.2 |      14 |       3 |  17.6
            +---------+---------+-------+---------+---------+-------
